 Dungeon Crawl Stone Soup version 0.29.1-15-g9cfb28693d (webtiles) character file.

Game seed: 12058889579806237718

231 Gabide the Trooper (level 6, 0/47 HPs)
             Began as a Human Cinder Acolyte on May 1, 2023.
             Was a High Priest of Ignis.
             Slain by Pikel
             ... wielding a +2 whip of freezing
              (1 damage)
             ... on level 3 of the Dungeon.
             The game lasted 00:04:51 (3544 turns).

Gabide the Trooper (Human Cinder Acolyte)           Turns: 3544, Time: 00:04:52

Health: 0/47       AC:  6    Str: 16    XL:     6   Next: 24%
Magic:  1/10       EV: 11    Int: 15    God:    Ignis [*****.]
Gold:   206        SH:  0    Dex: 14    Spells: 9/11 levels left

rFire   + . .      SeeInvis .   a - -1 spear (flame)
rCold   . . .      Faith    .   (no shield)
rNeg    . . .      Spirit   .   h - +0 ring mail
rPois   .          Reflect  .   (no helmet)
rElec   .          Harm     .   j - +0 cloak
rCorr   .          Rampage  .   (no gloves)
Will    .....                   (no boots)
Stlth   +.........              (no amulet)
HPRegen 0.15/turn               d - +6 ring of dexterity
MPRegen 0.12/turn               (no ring)

@: very slightly contaminated, hasted, very quick
A: no striking features
a: Renounce Religion, Fiery Armour, Foxfire Swarm, Rising Flame


You were on level 3 of the Dungeon.
You worshipped Ignis.
Ignis was extremely pleased with you.
You visited 1 branch of the dungeon, and saw 4 of its levels.

You collected 206 gold pieces.

Inventory:

Hand Weapons
 a - a -1 spear of flaming (weapon)
Armour
 e - a +0 leather armour
 h - a +0 ring mail (worn)
 j - a +0 cloak (worn)
Jewellery
 d - a +6 ring of dexterity (left hand)
Scrolls
 k - a scroll of identify {unknown}
 l - 2 scrolls of enchant armour {unknown}
 m - a scroll of poison
Potions
 b - a potion of cancellation {unknown}
 c - 2 potions of haste
 f - 3 potions of curing {unknown}
 g - a potion of magic {unknown}
 i - a potion of brilliance {unknown}


   Skills:
 + Level 3.2 Fighting
 - Level 3.0 Polearms
 - Level 3.0 Armour
 - Level 3.0 Dodging
 - Level 3.0 Spellcasting
 - Level 3.0 Fire Magic


You had 9 spell levels left.
You knew the following spells:

 Your Spells              Type           Power      Damage    Failure   Level
a - Scorch                Fire           22%        2d6       16%         2

Your spell library contained the following spells:

 Spells                   Type           Power      Damage    Failure   Level
 Slow                     Hex            8%         N/A       36%         1
 Confusing Touch          Hex            2%         N/A       73%         3
 Vampiric Draining        Necr           2%         2d6       73%         3


Dungeon Overview and Level Annotations

Branches:
Dungeon (4/15)
 Temple: D:4-7

Altars:
Elyvilon
Trog

Annotations:
D:3 Pikel
D:4 Sigmund


Message History

You miscast Scorch.
You are very lightly contaminated with residual magic.
Nothing appears to happen.
The lemure hits you! Pikel closely misses you.
It was a potion of haste.
You feel yourself speed up.
The lemure is no longer more vulnerable to fire.
The lemure hits you but does no damage.
Pikel hits you with a +2 whip of freezing.
* * * LOW HITPOINT WARNING * * *
Pikel freezes you.
* * * LOW HITPOINT WARNING * * *
Casting: Scorch (safe; 16% risk of failure)
Press: ? - help, Q - select action Dir - look around, f - activate Flames lash Pikel but do no damage.
Unknown command.
Casting: Scorch (safe; 16% risk of failure)
Press: ? - help, Q - select action Dir - look around, f - activate Flames lash the lemure.
The lemure is heavily wounded.
The lemure's fire resistance burns away.
Pikel is no longer more vulnerable to fire.
The lemure hits you but does no damage.
Pikel hits you with a +2 whip of freezing.
* * * LOW HITPOINT WARNING * * *
Pikel freezes you.
* * * LOW HITPOINT WARNING * * *
You don't have enough magic to cast this spell.
Unknown command.
Unknown command.
You hit Pikel. You burn Pikel.
Pikel is moderately wounded.
The lemure hits you but does no damage. Pikel completely misses you.
You hit the lemure. You burn the lemure.
The lemure is heavily wounded.
You hit the lemure. You burn the lemure.
The lemure is severely wounded.
The lemure hits you.
* * * LOW HITPOINT WARNING * * *
Pikel hits you with a +2 whip of freezing.
You die...

.#.#..#.#####.##### #..####.#.
.#.#..#....##.# #.........
....).####.##.# #..###.###
...#...# #.##.# #..# #.#
...###.# #.##.# ##.###.# ...#
#.# #.##.###########.....#
...###.###.##.##..........#.###
#.............##5##########.#
.......###.#####@# #.#
..########># #K# #.#
...........# #.# #.# ##
.########### #.# #.# #. .# #.#
#.# #. .# ##.##########.# #. ##
#.............# #.
###############..############
#. .................#
#############.


You could see Pikel and a lemure (combustible).

Vanquished Creatures
  An ogre (D:4)
  A hound (D:4)
  Jessica (D:2)
  3 adders (D:2)
  2 worms (D:3)
  3 dart slugs
  5 ball pythons
  5 endoplasms
  A goblin (D:1)
  3 hobgoblins
  12 jackals
  3 quokkas
  2 bats
  3 frilled lizards
  3 kobolds
  A rat (D:2)
49 creatures vanquished.

Vanquished Creatures (others)
  A plant (D:4)
1 creature vanquished.

Grand Total: 50 creatures vanquished

Notes
Turn   | Place    | Note
-------+----------+-------------------------------------------
     0 | D:1      | Gabide the Human Cinder Acolyte began the quest for the
                  | Orb.
     0 | D:1      | Reached XP level 1. HP: 18/18 MP: 2/2
   301 | D:1      | Reached XP level 2. HP: 24/24 MP: 4/4
   304 | D:1      | Learned a level 2 spell: Scorch
   759 | D:1      | Reached XP level 3. HP: 27/29 MP: 6/6
  1381 | D:2      | Noticed Jessica
  1385 | D:2      | Killed Jessica
  1386 | D:2      | Reached skill level 1 in Armour
  1386 | D:2      | Reached XP level 4. HP: 25/35 MP: 3/8
  2056 | D:2      | Reached XP level 5. HP: 41/41 MP: 4/9
  3160 | D:4      | Found a bloodstained altar of Trog.
  3161 | D:4      | Noticed an ogre
  3165 | D:4      | Killed an ogre
  3166 | D:4      | Reached XP level 6. HP: 47/47 MP: 1/10
  3404 | D:4      | Found a white marble altar of Elyvilon.
  3499 | D:4      | Noticed Pikel
  3500 | D:4      | Noticed Sigmund
  3544 | D:3      | HP: 1/47 [lemure[Pikel] (2)]
  3544 | D:3      | Slain by Pikel

Illustrated notes

Levels and vault maps discovered:
D:1:      scummos_arrival_simple_crosswalls, layout_basic
D:2:      layout_basic, uniq_jessica
D:3:      layout_loops_ring, chequers_garden, kennysheep_generic_room_15
D:4:      layout_cave_pools, nemelex_diamond_rough_becter,
          mainiacjoe_overflow_big_doors, old_standard_altar, uniq_pikel,
          uniq_sigmund

Skill      XL: |  1  2  3  4  5  6 |
---------------+-------------------+-----
Spellcasting   | 2 3 |  3.0
Armour         | 1 2 3 |  3.0
Dodging        | 2 3 |  3.0
Fighting       | |  3.2
Polearms       | |  3.0
Fire Magic     | |  3.0

Action                   |  1- 3 |  4- 6 || total
-------------------------+-------+-------++-------
Melee: Spear             |    72 |    17 ||    89
       Punch             |       |     1 ||     1
 Cast: Scorch            |     8 |    40 ||    48
  Use: Scroll            |     1 |     2 ||     3
       Potion            |       |     1 ||     1
Armor: Robe              |     3 |       ||     3
       Leather armour    |     7 |     3 ||    10
       Ring mail         |       |     7 ||     7
Dodge: Dodged            |    28 |    12 ||    40
